 Dungeon Crawl Stone Soup version 0.31-a0-716-gc7603755dd (webtiles) character file.

Game seed: 8685783654880468108

571 Ordine the Ruffian (level 7, -6/46 HPs)
             Began as an Octopode Shapeshifter on Sept 9, 2023.
             Mangled by a gnoll sergeant
             ... wielding a +0 spear
              (9 damage)
             ... on level 5 of the Dungeon.
             The game lasted 00:06:44 (3757 turns).

Ordine the Ruffian (Octopode Shapeshifter)          Turns: 3757, Time: 00:06:45

Health: -6/46      AC:  1    Str: 16    XL:     7   Next: 34%
Magic:  7/7        EV: 13    Int: 12    God:
Gold:   236        SH:  0    Dex: 11    Spells: 6/6 levels left

rFire   . .          .
                       - Unarmed
rCold   . . .        (no shield)
rNeg    . . .        (helmet currently unavailable)
rPois   +            (no amulet)
rElec   .            k - ring of poison resistance
rCorr   .            (no ring)
SInv    .            (no ring)
Will    .....        (no ring)
Stlth   +++          (no ring)
HPRegen 0.27/turn    (no ring)
MPRegen 0.10/turn    (no ring)
                     (no ring)

%: no passive effects
@: beast-form, attractive
A: beast (slay +2), almost no armour, amphibious, 8 rings, camouflage 1,
gelatinous body 1, (nimble swimmer 1), tentacles
a: Begin Untransformation


You were on level 5 of the Dungeon.
You were a hulking beast.
You visited 1 branch of the dungeon, and saw 5 of its levels.

You collected 236 gold pieces.

Inventory:

Jewellery
 h - a ring of fire
 k - a ring of poison resistance (left tentacle)
Talismans
 b - a beast talisman (active)
 c - a flux talisman
Wands
 o - a wand of digging (5)
Scrolls
 d - 5 scrolls of identify {unknown}
 e - a scroll of torment {unknown}
 f - a scroll of vulnerability {unknown}
 i - 2 scrolls of noise {unknown}
 j - 2 scrolls of teleportation {unknown}
 p - a scroll of revelation {unknown}
 q - 3 scrolls of fear {unknown}
 s - a scroll of immolation {unknown}
 u - a scroll of blinking {unknown}
 x - a scroll of silence {unknown}
Potions
 a - a potion of lignification
 g - a potion of magic {unknown}
 l - 2 potions of berserk rage {unknown}
 m - 2 potions of brilliance
 r - a potion of heal wounds {unknown}
 t - a potion of might {unknown}
 v - a potion of ambrosia {unknown}
 w - a potion of degeneration {unknown}


   Skills:
 + Level 3.1 Fighting
 + Level 3.6 Dodging
 + Level 4.2 Stealth
 * Level 5.3 Unarmed Combat
 + Level 4.0 Shapeshifting


You had 6 spell levels left.
You didn't know any spells.
Your spell library was empty.

Dungeon Overview and Level Annotations

Branches:
Dungeon (5/15)
 Temple: D:4-7

Altars:
Ashenzari
Cheibriados
Gozag
Uskayaw
Vehumet
Wu Jian
Yredelemnul
Zin
The Shining One

Shops:
D:2 (


Innate Abilities, Weirdness & Mutations

You are a hulking beast.
Your limbs bulge with bestial killing power. (Slay +2)
You cannot wear most types of armour.
You are amphibious.
You can wear up to eight rings at the same time.
Your skin changes colour to match your surroundings (Stealth+).
Your rubbery body absorbs attacks. (AC +1, EV +1)
((You are camouflaged when in or above water. (Stealth+)))
You have tentacles for arms and can constrict up to eight enemies at once.


Message History

You tentacle-slap the gnoll.
The gnoll is severely wounded.
You constrict the gnoll. You tentacle-slap the gnoll.
The gnoll is almost dead.
You constrict the gnoll.
You kill the gnoll!
No target in view!
No target in view!
You start resting.
HP restored.
You climb downwards.
There is a stone staircase leading up, spattered with blood here.
The gnoll sergeant hits you from afar with a +0 spear.
There is a stone staircase leading up, spattered with blood here.
The gnoll sergeant misses you.
You climb upwards.
There is a stone staircase leading down, spattered with blood here.
You start resting.
HP restored.
You climb downwards.
The gnoll sergeant hits you from afar with a +0 spear!
There is a stone staircase leading up, spattered with blood here.
The gnoll hits you with a +0 spear.
The gnoll sergeant hits you with a +0 spear!
There is a stone staircase leading up, spattered with blood here.
You barely miss the gnoll. You grab the gnoll. You squeeze the gnoll!
The gnoll is severely wounded.
You constrict the gnoll. The gnoll hits you with a +0 spear.
The gnoll sergeant hits you with a +0 spear!
You tentacle-slap the gnoll sergeant but do no damage.
Your grab misses the gnoll sergeant. You constrict the gnoll.
The gnoll barely misses you.
The gnoll sergeant hits you with a +0 spear!
* * * LOW HITPOINT WARNING * * *
It was a potion of attraction.
You feel attractive to monsters.
You constrict the gnoll. The gnoll barely misses you.
The gnoll sergeant hits you with a +0 spear!
You die...

######## ####### #......#
#......
###.#....#######.#####
####............g.#.#####
#........)..#####......##
#.##.#..#g#.# ###.)....
#.##.#..hg..# #......
#.#..##.##### ##.#.#.
#.#.###.# #...#.
#.#.###.# #.###.
#.......######## #.....gg
###.######.....# #.#[...$
#.# #.....# #.#..#.# #.#
#.....# # ##.#. #.#
#.....# . ..


You could see a gnoll sergeant and a gnoll.

Vanquished Creatures
  A water moccasin (D:5)
  A scorpion (D:4)
  A hound (D:4)
  An iguana (D:5)
  2 orc wizards
  14 gnolls
  3 adders
  A white imp (D:5)
  A worm (D:2)
  4 dart slugs
  24 orcs
  3 bats
  4 endoplasms
  3 giant cockroaches
  4 goblins
  5 hobgoblins
  7 jackals
  5 kobolds
  11 quokkas
  5 ball pythons
  7 frilled lizards
  2 rats (D:2)
109 creatures vanquished.

Notes
Turn   | Place    | Note
-------+----------+-------------------------------------------
     0 | D:1      | Ordine the Octopode Shapeshifter began the quest for the
                  | Orb.
     0 | D:1      | Reached XP level 1. HP: 13/13 MP: 1/1
   107 | D:1      | Reached XP level 2. HP: 18/18 MP: 2/2
   129 | D:1      | Reached skill level 1 in Stealth
   481 | D:2      | Found Ohutuf's Antique Weapon Boutique.
   485 | D:2      | Reached XP level 3. HP: 23/23 MP: 3/3
   486 | D:2      | Found a faded altar of an unknown god.
   719 | D:2      | Reached XP level 4. HP: 23/29 MP: 4/4
   770 | D:2      | Found a glowing golden altar of the Shining One.
  1067 | D:3      | Found a glowing silver altar of Zin.
  1100 | D:3      | Found a basalt altar of Yredelemnul.
  1262 | D:3      | Found a broken altar of Ashenzari.
  1293 | D:3      | Found a radiant altar of Vehumet.
  1296 | D:3      | Found an ornate altar of the Wu Jian Council.
  1296 | D:3      | Found a snail-covered altar of Cheibriados.
  1302 | D:3      | Found a glowing golden altar of the Shining One.
  1371 | D:3      | Found a hide-covered altar of Uskayaw.
  1425 | D:3      | Found an opulent altar of Gozag.
  1481 | D:3      | Reached skill level 4 in Unarmed Combat
  1481 | D:3      | Reached XP level 5. HP: 24/34 MP: 5/5
  1591 | D:3      | Identified the +0 sling of Picred {flame, rN+ Str+5 Int+4}
  1874 | D:4      | You fall into a shaft and drop 1 floor!
  1874 | D:5      | Entered Level 5 of the Dungeon
  2110 | D:4      | Reached XP level 6. HP: 41/41 MP: 6/6
  3007 | D:5      | Noticed a water moccasin
  3015 | D:5      | Killed a water moccasin
  3016 | D:5      | Reached skill level 5 in Unarmed Combat
  3016 | D:5      | Reached XP level 7. HP: 37/45 MP: 7/7
  3756 | D:5      | HP: 2/46 [gnoll sergeant/+0 spear (14)]
  3757 | D:5      | Mangled by a gnoll sergeant

Illustrated notes

Levels and vault maps discovered:
D:1:      ncdulo_watergridlock, layout_basic
D:2:      layout_basic, chequers_ecumenical_altar_island, basic_altar,
          serial_shops, shop
D:3:      layout_basic, mainiacjoe_overflow_chevrons, overflow_temple_1_default,
          mainiacjoe_overflow_six_doors_small, eat_drink_and_be_merry_uskayaw,
          nicolae_overflow_hallway_of_the_gods, grunt_ministairs_13
D:4:      layout_loops_ring, portal_sewer_entry_f
D:5:      layout_loops_cross, nicolae_hepliaklqana_monster_ancestors,
          kennysheep_opposing_triangles

Skill      XL: |  1  2  3  4  5  6  7 |
---------------+----------------------+-----
Stealth        | 1 2 3 4 |  4.2
Fighting       | 2 3 |  3.1
Unarmed Combat | 4 5 |  5.3
Dodging        | 3 |  3.6
Shapeshifting  | 4 |  4.0

Action                     |  1- 3 |  4- 6 |  7- 9 || total
---------------------------+-------+-------+-------++-------
  Melee: Unarmed           |    47 |   139 |    34 ||   220
         Constrict         |    17 |    43 |    11 ||    71
         Tentacles         |     6 |    28 |    10 ||    44
         Punch             |     1 |     7 |     2 ||    10
    Use: Potion            |       |     1 |     1 ||     2
   Stab: Distracted        |     1 |       |     1 ||     2
         Sleeping          |    11 |    18 |       ||    29
 Armour: Skin              |    11 |    47 |    36 ||    94
  Dodge: Dodged            |    25 |    59 |    31 ||   115

Table legend: (Time is in decaauts)
 A = Elapsed time spent in this place.
 B = Non-inter-level travel time spent in this place.
 C = Inter-level travel time spent in this place.
 D = Time resting spent in this place.
 E = Time spent auto-exploring this place.
 F = Levels seen in this place.
 G = Mean time per level.
                   A        B        C        D        E       F      G
               +--------+--------+--------+--------+--------+-----+--------+
         Total |   3748 |   3385 |    363 |    549 |   2103 |   5 |  749.6 |
       Dungeon |   3748 |   3385 |    363 |    549 |   2103 |   5 |  749.6 |
               +--------+--------+--------+--------+--------+-----+--------+

Top non-repeatable levels by time:
     D:4: 1597 daAuts
     D:3: 789 daAuts
     D:1: 550 daAuts
     D:2: 540 daAuts
     D:5: 270 daAuts
